SAAA
CALGARY LYNX @ VERMONT LAKE MONSTERS
07/26/2028
 
TOP OF THE 1ST
Calgary Lynx batting - Pitching for Vermont Lake Monsters : RHP Bill Lee
Pitching: RHP Bill Lee
Batting: RHB José Jarca 0-0: Ball
1-0: Swinging Strike
1-1: Ball
2-1: Ball
3-1: Ground out 1-3 (Groundball, 15S)
Batting: SHB Lowell Moon 0-0: Called Strike
0-1: Called Strike
0-2: Ball
1-2: Ground out 3-1 (Groundball, 34)
Batting: LHB Herman Hayes 0-0: Ball
1-0: Ball
2-0: Ball
3-0: Called Strike
3-1: Foul Ball, location: 2F
3-2: Strikes out swinging
Top of the 1st over - 0 run(s), 0 hit(s), 0 error(s), 0 left on base; Calgary 0 - Vermont 0
BOTTOM OF THE 1ST
Vermont Lake Monsters batting - Pitching for Calgary Lynx : LHP Héctor Cortéz
Pitching: LHP Héctor Cortéz
Batting: RHB Rodrigo Velasco 0-0: Ball
1-0: Ball
2-0: Called Strike
2-1: Foul Ball, location: 2F
2-2: Foul Ball, location: 2F
2-2: Ball
3-2: Ground out 4-3 (Groundball, 4)
Batting: RHB Gene Lucero 0-0: Fly out, F9 (Flyball, 9)
Batting: RHB Zelmar Barajas 0-0: Ground out 5-3 (Groundball, 56)
Bottom of the 1st over - 0 run(s), 0 hit(s), 0 error(s), 0 left on base; Calgary 0 - Vermont 0
TOP OF THE 2ND
Calgary Lynx batting - Pitching for Vermont Lake Monsters : RHP Bill Lee
Batting: RHB Gilberto Rodríguez 0-0: Called Strike
0-1: Ball
1-1: Swinging Strike
1-2: Strikes out swinging
Batting: LHB José León 0-0: Ball
1-0: SINGLE (Groundball, 6D)
Batting: RHB Logan Namajunas 0-0: Ball
1-0: Ball
2-0: SINGLE (Groundball, 4MD)
José León to second
Runner from 2nd tries for 3rd, SAFE, no throw
Batting: RHB Jesús Martínez 0-0: Ball
1-0: Ball
2-0: Foul Ball, location: 2F
2-1: Foul Ball, location: 2F
2-2: Foul Ball, location: 2F
2-2: Foul Ball, location: 2F
2-2: Grounds into double play, 5-4-3 (Groundball, 56)
Top of the 2nd over - 0 run(s), 2 hit(s), 0 error(s), 1 left on base; Calgary 0 - Vermont 0
BOTTOM OF THE 2ND
Vermont Lake Monsters batting - Pitching for Calgary Lynx : LHP Héctor Cortéz
Batting: LHB Arturo Gonzáles 0-0: Ball
1-0: Foul Ball, location: 2F
1-1: Fly out, F9 (Flyball, 9)
Batting: RHB Rafael Pueblo 0-0: Swinging Strike
0-1: Ground out 4-3 (Groundball, 4)
Batting: RHB Luis Rodríguez 0-0: Swinging Strike
0-1: Foul Ball, location: 2F
0-2: Ball
1-2: Ball
2-2: Foul Ball, location: 2F
2-2: Ground out 1-3 (Groundball, P)
Bottom of the 2nd over - 0 run(s), 0 hit(s), 0 error(s), 0 left on base; Calgary 0 - Vermont 0
TOP OF THE 3RD
Calgary Lynx batting - Pitching for Vermont Lake Monsters : RHP Bill Lee
Batting: RHB Bass Reeves 0-0: Foul Ball, location: 2F
0-1: Called Strike
0-2: Foul Ball, location: 2F
0-2: Ball
1-2: Foul Ball, location: 2F
1-2: Hit by Pitch
Batting: RHB Juan Martínez 0-0: Ball
1-0: DOUBLE (Line Drive, 78M)
Bass Reeves to third
Batting: RHB José Jarca 0-0: Called Strike
0-1: Ball
1-1: Foul Ball, location: 2F
1-2: Ball
2-2: Ball
3-2: Ground out 5-3 (Groundball, 56S)
Bass Reeves scores
Juan Martínez to third
Batting: SHB Lowell Moon 0-0: Ball
1-0: Foul Ball, location: 2F
1-1: Ball
2-1: Ball
3-1: Ground out U3 (Groundball, 34S)
Juan Martínez scores
Batting: LHB Herman Hayes 0-0: Fly out, F4 (Popup, 4)
Top of the 3rd over - 2 run(s), 1 hit(s), 0 error(s), 0 left on base; Calgary 2 - Vermont 0
BOTTOM OF THE 3RD
Vermont Lake Monsters batting - Pitching for Calgary Lynx : LHP Héctor Cortéz
Batting: SHB Enrico Mejía 0-0: Called Strike
0-1: Ball
1-1: Fly out, F8 (Line Drive, 8LM)
Batting: LHB Brad Tillman 0-0: Ground out U3 (Groundball, 34)
Batting: RHB José Alcalá 0-0: Called Strike
0-1: Ball
1-1: Foul Ball, location: 2F
1-2: Ball
2-2: Foul Ball, location: 2F
2-2: Ball
3-2: Fly out, F9 (Line Drive, 9)
Bottom of the 3rd over - 0 run(s), 0 hit(s), 0 error(s), 0 left on base; Calgary 2 - Vermont 0
TOP OF THE 4TH
Calgary Lynx batting - Pitching for Vermont Lake Monsters : RHP Bill Lee
Batting: RHB Gilberto Rodríguez 0-0: Ground out 5-3 (Groundball, 56S)
Batting: LHB José León 0-0: Ball
1-0: Fly out, F7 (Flyball, 7LM)
Batting: RHB Logan Namajunas 0-0: Ball
1-0: Ball
2-0: Foul Ball, location: 2F
2-1: Ground out 6-3 (Groundball, 6)
Top of the 4th over - 0 run(s), 0 hit(s), 0 error(s), 0 left on base; Calgary 2 - Vermont 0
BOTTOM OF THE 4TH
Vermont Lake Monsters batting - Pitching for Calgary Lynx : LHP Héctor Cortéz
Batting: RHB Rodrigo Velasco 0-0: Called Strike
0-1: Foul Ball, location: 2F
0-2: Foul Ball, location: 2F
0-2: Fly out, F9 (Flyball, 9LMF)
Batting: RHB Gene Lucero 0-0: SINGLE (Groundball, 4D)
Batting: RHB Zelmar Barajas 0-0: Ball
1-0: Swinging Strike
1-1: Called Strike
1-2: Strikes out swinging
Gene Lucero steals 2nd base
Batter strikes out.
Batting: LHB Arturo Gonzáles 0-0: Called Strike
0-1: Ball
1-1: Ball
2-1: Foul Ball, location: 2F
2-2: Fly out, F8 (Line Drive, 8LS)
Bottom of the 4th over - 0 run(s), 1 hit(s), 0 error(s), 1 left on base; Calgary 2 - Vermont 0
TOP OF THE 5TH
Calgary Lynx batting - Pitching for Vermont Lake Monsters : RHP Bill Lee
Batting: RHB Jesús Martínez 0-0: Called Strike
0-1: Foul Ball, location: 2F
0-2: Foul Ball, location: 2F
0-2: Ball
1-2: Foul Ball, location: 2F
1-2: Ball
2-2: Foul Ball, location: 2F
2-2: Ball
3-2: Foul Ball, location: 2F
3-2: Foul Ball, location: 2F
3-2: Fly out, F9 (Flyball, 9S)
Batting: RHB Bass Reeves 0-0: Reached on error, E5 (Groundball, 56S)
Batting: RHB Juan Martínez 0-0: Ball
1-0: Foul Ball, location: 2F
1-1: Called Strike
1-2: Ball
2-2: Foul Ball, location: 2F
2-2: Foul Ball, location: 2F
2-2: Ball
3-2: Ground out 4-3 (Groundball, 4S)
Bass Reeves to second
Batting: RHB José Jarca 0-0: Ball
1-0: Called Strike
1-1: Ball
2-1: Swinging Strike
2-2: 2-RUN HOME RUN (Flyball, 7D), Distance : 397 ft
Batting: SHB Lowell Moon 0-0: Ball
1-0: Ground out U3 (Groundball, 34S)
Top of the 5th over - 2 run(s), 1 hit(s), 1 error(s), 0 left on base; Calgary 4 - Vermont 0
BOTTOM OF THE 5TH
Vermont Lake Monsters batting - Pitching for Calgary Lynx : LHP Héctor Cortéz
Batting: RHB Rafael Pueblo 0-0: Foul Ball, location: 2F
0-1: Ground out 4-3 (Groundball, 4)
Batting: RHB Luis Rodríguez 0-0: Called Strike
0-1: Called Strike
0-2: Ball
1-2: Ball
2-2: Foul Ball, location: 2F
2-2: Foul Ball, location: 2F
2-2: Ball
3-2: Strikes out swinging
Batting: SHB Enrico Mejía 0-0: Ball
1-0: Ball
2-0: Foul Ball, location: 2F
2-1: Fly out, F8 (Flyball, 8LM)
Bottom of the 5th over - 0 run(s), 0 hit(s), 0 error(s), 0 left on base; Calgary 4 - Vermont 0
TOP OF THE 6TH
Calgary Lynx batting - Pitching for Vermont Lake Monsters : RHP Bill Lee
Batting: LHB Herman Hayes 0-0: Ball
1-0: Fly out, F9 (Flyball, 9LM)
Batting: RHB Gilberto Rodríguez 0-0: Called Strike
0-1: Ball
1-1: Ball
2-1: Foul Ball, location: 2F
2-2: Ball
3-2: Base on Balls
Pitching: LHP Hwen-thiang Qin
Batting: LHB José León 0-0: Ball
1-0: SINGLE (Groundball, 34D)
Gilberto Rodríguez to second
Runner from 2nd tries for 3rd, SAFE, throw made to third
José León to second
Batting: RHB Logan Namajunas 0-0: Ball
1-0: Ball
2-0: Foul Ball, location: 2F
2-1: Fly out, F8 (Flyball, 78M)
Throwing error, E8
Gilberto Rodríguez scores
José León to third
Batting: RHB Jesús Martínez 0-0: Ground out 6-3 (Groundball, 56)
Top of the 6th over - 1 run(s), 1 hit(s), 1 error(s), 1 left on base; Calgary 5 - Vermont 0
BOTTOM OF THE 6TH
Vermont Lake Monsters batting - Pitching for Calgary Lynx : LHP Héctor Cortéz
Batting: LHB Brad Tillman 0-0: Ball
1-0: Called Strike
1-1: Ball
2-1: Ground out U3 (Groundball, 3)
Batting: RHB José Alcalá 0-0: Ball
1-0: Called Strike
1-1: Ball
2-1: Foul Ball, location: 2F
2-2: SINGLE (Line Drive, 34)
Batting: RHB Rodrigo Velasco 0-0: Ball
1-0: Foul Ball, location: 2F
1-1: Ball
2-1: Called Strike
2-2: Strikes out swinging
Batting: RHB Gene Lucero 0-0: Called Strike
0-1: Called Strike
0-2: Ball
1-2: Ball
2-2: Fly out, F8 (Flyball, 89S)
Bottom of the 6th over - 0 run(s), 1 hit(s), 0 error(s), 1 left on base; Calgary 5 - Vermont 0
TOP OF THE 7TH
Calgary Lynx batting - Pitching for Vermont Lake Monsters : LHP Hwen-thiang Qin
Batting: RHB Bass Reeves 0-0: Ball
1-0: Fly out, F9 (Flyball, 9S)
Batting: RHB Juan Martínez 0-0: Swinging Strike
0-1: Ground out 4-3 (Groundball, 4S)
Batting: RHB José Jarca 0-0: Called Strike
0-1: Ball
1-1: SINGLE (Line Drive, 56)
Batting: SHB Lowell Moon 0-0: Called Strike
0-1: Ball
1-1: Fly out, F8 (Line Drive, 8LS)
Top of the 7th over - 0 run(s), 1 hit(s), 0 error(s), 1 left on base; Calgary 5 - Vermont 0
BOTTOM OF THE 7TH
Vermont Lake Monsters batting - Pitching for Calgary Lynx : LHP Héctor Cortéz
Batting: RHB Zelmar Barajas 0-0: Foul Ball, location: 2F
0-1: Ground out 5-3 (Groundball, 56)
Batting: LHB Arturo Gonzáles 0-0: Called Strike
0-1: Ground out U3 (Groundball, 3L)
Batting: RHB Rafael Pueblo 0-0: Ball
1-0: Foul Ball, location: 2F
1-1: Ground out 6-3 (Groundball, 6MS)
Bottom of the 7th over - 0 run(s), 0 hit(s), 0 error(s), 0 left on base; Calgary 5 - Vermont 0
TOP OF THE 8TH
Calgary Lynx batting - Pitching for Vermont Lake Monsters : LHP Hwen-thiang Qin
Batting: LHB Herman Hayes 0-0: Ball
1-0: Ball
2-0: Foul Ball, location: 2F
2-1: Foul Ball, location: 2F
2-2: Strikes out swinging
Batting: RHB Gilberto Rodríguez 0-0: Ball
1-0: Called Strike
1-1: Ball
2-1: Foul Ball, location: 2F
2-2: Foul Ball, location: 2F
2-2: Foul Ball, location: 2F
2-2: Strikes out swinging
Batting: LHB José León 0-0: Called Strike
0-1: Ball
1-1: Ball
2-1: Swinging Strike
2-2: Strikes out swinging
Top of the 8th over - 0 run(s), 0 hit(s), 0 error(s), 0 left on base; Calgary 5 - Vermont 0
BOTTOM OF THE 8TH
Vermont Lake Monsters batting - Pitching for Calgary Lynx : LHP Héctor Cortéz
Batting: RHB Luis Rodríguez 0-0: Called Strike
0-1: Called Strike
0-2: Ball
1-2: Foul Ball, location: 2F
1-2: Fly out, F8 (Flyball, 78S)
Batting: SHB Enrico Mejía 0-0: Ball
1-0: Ball
2-0: Called Strike
2-1: Ball
3-1: Swinging Strike
3-2: Fly out, F8 (Flyball, 89M)
Batting: LHB Brad Tillman 0-0: Ball
1-0: SINGLE (Groundball, 56D)
Batting: RHB José Alcalá 0-0: Called Strike
0-1: Ground out 1-3 (Groundball, 13S)
Bottom of the 8th over - 0 run(s), 1 hit(s), 0 error(s), 1 left on base; Calgary 5 - Vermont 0
TOP OF THE 9TH
Calgary Lynx batting - Pitching for Vermont Lake Monsters : LHP Hwen-thiang Qin
Batting: RHB Logan Namajunas 0-0: Ball
1-0: Foul Ball, location: 2F
1-1: Fly out, F6 (Line Drive, 6)
Batting: RHB Jesús Martínez 0-0: Called Strike
0-1: Swinging Strike
0-2: Foul Ball, location: 2F
0-2: Ball
1-2: Strikes out swinging
Batting: RHB Bass Reeves 0-0: Ball
1-0: Called Strike
1-1: Fly out, F9 (Flyball, 89S)
Top of the 9th over - 0 run(s), 0 hit(s), 0 error(s), 0 left on base; Calgary 5 - Vermont 0
BOTTOM OF THE 9TH
Vermont Lake Monsters batting - Pitching for Calgary Lynx : LHP Héctor Cortéz
Pitching: RHP Alfonso Vera
Batting: RHB Rodrigo Velasco 0-0: Ball
1-0: Foul Ball, location: 2F
1-1: Ball
2-1: Foul Ball, location: 2F
2-2: Strikes out looking
Batting: RHB Gene Lucero 0-0: Ball
1-0: Foul Ball, location: 2F
1-1: Called Strike
1-2: Ball
2-2: Ball
3-2: Foul Ball, location: 2F
3-2: Foul Ball, location: 2F
3-2: Base on Balls
Batting: RHB Zelmar Barajas 0-0: Ball
1-0: Swinging Strike
1-1: Ball
2-1: Foul Ball, location: 2F
2-2: Fielders Choice at 2nd, 5-4 (Groundball, 56)
Batting: LHB Arturo Gonzáles 0-0: Ball
1-0: Ball
2-0: Fielders Choice at 2nd, 5-4 (Groundball, 56)
Bottom of the 9th over - 0 run(s), 0 hit(s), 0 error(s), 0 left on base; Calgary 5 - Vermont 0
Friday, August 18th, 2017 - OOTP Baseball 17.12 Build 75